 Dungeon Crawl Stone Soup version 0.31-a0-112-gdf0485fa37 (webtiles) character file.

Game seed: 8671382011140422200

775595 Angani the Politician (level 27, -5/391 HPs)
             Began as a Vine Stalker Berserker on May 25, 2023.
             Was the Champion of Trog.
             Succumbed to Gloorx Vloq's dark miasma
             ... in Pandemonium on May 28, 2023.
             The game lasted 03:02:25 (61632 turns).

Angani the Politician (Vine Stalker Berserker)     Turns: 61632, Time: 03:02:25

Health: -5/391     AC: 33    Str: 24    XL:     27
Magic:  0/21       EV:  2    Int: 13    God:    Trog [******]
Gold:   6389       SH: 23    Dex: 24    Spells: 26/26 levels left

rFire   + . .        Z - +10 quick blade of Qire Xio {holy, rF+}
rCold   . . .        i - +4 tower shield "Ganuegg" {-Cast Will++ Regen+ Stlth+}
rNeg    + . .        v - melded +1 robe of Vines {NoPotionHeal Regen++++}
rPois   +            H - melded +2 hat {Will+}
rElec   +            V - melded +1 cloak of Lutoli {rN+++ rCorr Str-3 Int-4}
rCorr   .            G - melded +2 pair of gloves
SInv    +            j - melded +1 pair of boots of the Dwarven Hall {Dex+5}
Will    +++++        d - amulet of regeneration Stlth
                     o - ring "Zaxky" {rElec rN+ Int+6 Slay+5}
HPRegen 3.25/turn    e - ring of poison resistance
MPRegen 0.17/turn

%: no spellcasting, guardian spirit
@: berserking (expiring), lethally poisoned (-5 -> -31), tree-form, slowed,
studying 2 skills
A: stationary, stasis, torment immunity, boosted hp, (fangs 3), regeneration 1,
magic shield, (antimagic bite), no potion heal 2, (antennae 1), see invisible,
low MP 1, inability to drink after injury 1
}: 6/15 runes: barnacled, slimy, silver, abyssal, demonic, gossamer
a: Renounce Religion, Berserk, Trog's Hand, Brothers in Arms


You were in Pandemonium.
You worshipped Trog.
Trog was exalted by your worship.
You were a tree.
You visited 11 branches of the dungeon, and saw 55 of its levels.
You visited Pandemonium 1 time, and saw 2 of its levels.
You visited the Abyss 1 time.
You visited 1 bazaar.
You also visited: Wizlab.

You collected 9661 gold pieces.
You spent 3272 gold pieces at shops.

Inventory:

Hand Weapons
 Z - the +10 quick blade of Qire Xio (weapon) {holy, rF+}
   (You found it on level 4 of the Depths)

   rF:        It protects you from fire.
Missiles
 u - 38 silver javelins (quivered)
 x - 6 throwing nets
Armour
 b - the +4 dragonskin cloak
   (You took it off Tiamat on level 3 of the Realm of Zot)

   Avatar's Aegis: It grants the wearer a chance to resist fire, cold, poison,
   electricity, acid, and negative energy.
 i - the +4 tower shield "Ganuegg" (worn) {-Cast Will++ Regen+ Stlth+}
   (You took it off a daeva in Pandemonium)

   -Cast:     It prevents spellcasting.
   Regen:     It increases your rate of health regeneration.
   Will:      It greatly increases your willpower.
   Stlth:     It makes you more stealthy.
 j - the +1 pair of boots of the Dwarven Hall (melded) {Dex+5}
   (You acquired it on level 2 of the Depths)

   Dex:       It affects your dexterity (+5).
 v - the +1 robe of Vines (melded) {NoPotionHeal Regen++++}
   (You took it off a centaur on level 8 of the Dungeon)

   NoPotionHeal: Its wearer cannot be healed by potions.
   Regen:     It increases your rate of health regeneration.
 G - a +2 pair of gloves (melded)
 H - a +2 hat of willpower (melded)
 V - the +1 cloak of Lutoli (melded) {rN+++ rCorr Str-3 Int-4}
   (You found it in a wizard's laboratory)

   Str:       It affects your strength (-3).
   Int:       It affects your intelligence (-4).
   rN:        It renders you almost immune to negative energy.
   rCorr:     It protects you from acid and corrosion.
 X - +3 fire dragon scales
Jewellery
 d - an amulet of regeneration (around neck)
 e - a ring of poison resistance (right branch)
 o - the ring "Zaxky" (left branch) {rElec rN+ Int+6 Slay+5}
   (You found it on level 3 of the Depths)

   [ring of intelligence]

   Int:       It affects your intelligence (+6).
   Slay:      It affects your accuracy & damage with ranged weapons and melee
   (+5).
   rElec:     It insulates you from electricity.
   rN:        It protects you from negative energy.
 r - the ring of Casokev {Wiz rF+}
   (You found it on level 2 of the Vaults)

   [ring of wizardry]

   It improves your spell success rate.
   rF:        It protects you from fire.
 s - the ring "Leynotoc" {rC+ Will+ MP+9}
   (You found it on level 3 of the Elven Halls)

   [ring of willpower]

   rC:        It protects you from cold.
   MP:        It affects your magic capacity (+9).
   Will:      It increases your willpower.
 O - a ring of protection from cold
 U - the ring of the Snail {Fly Will+ Str+4 Dex+3}
   (You took it off a seraph in Pandemonium)

   [ring of flight]

   Str:       It affects your strength (+4).
   Dex:       It affects your dexterity (+3).
   Fly:       It grants you flight.
   Will:      It increases your willpower.
Wands
 h - a wand of digging (15)
 t - a wand of iceblast (65)
 w - a wand of paralysis (72)
 y - a wand of flame (187)
 J - a wand of quicksilver (36)
 Q - a wand of mindburst (33)
 S - a wand of polymorph (32)
Scrolls
 c - 6 scrolls of blinking
 f - a scroll of silence
 k - 7 scrolls of fog
 l - 13 scrolls of immolation
 m - 22 scrolls of teleportation
 p - 19 scrolls of fear
 q - a scroll of magic mapping
 E - 15 scrolls of poison
 Y - 3 scrolls of butterflies
Potions
 a - 10 potions of enlightenment
 g - 7 potions of lignification
 n - 13 potions of might
 z - 6 potions of magic
 A - 7 potions of invisibility
 B - 3 potions of attraction
 C - 23 potions of curing
 D - 16 potions of ambrosia
 I - 5 potions of haste
 L - 8 potions of cancellation
 M - 4 potions of berserk rage
 R - 4 potions of resistance
 T - 4 potions of mutation
Miscellaneous
 F - a tin of tremorstones (2/2)
 N - a phial of floods
 P - a box of beasts
 W - a lightning rod (4/4)


   Skills:
 O Level 27 Fighting
 O Level 27 Short Blades
 + Level 12.4 Throwing
 - Level 7.2 Armour
 O Level 27 Dodging
 - Level 10.8 Stealth
 - Level 10.0 Shields
 - Level 10.0 Evocations


You had 26 spell levels left.
You didn't know any spells.
Your spell library was empty.

Dungeon Overview and Level Annotations

Branches:
Dungeon (15/15)            Temple (0/1) D:5            Lair (5/5) D:8
 Shoals (4/4) Lair:2       Spider (4/4) Lair:3        Slime (5/5) Lair:5
    Orc (2/2) D:12            Elf (3/3) Orc:2        Vaults (5/5) D:14
  Crypt (3/3) Vaults:2       Tomb (0/3) Crypt:3      Depths (4/4) D:15
    Zot (5/5) Depths:4     WizLab (visited)

Altars:
Dithmenos
Makhleb
Nemelex Xobeh
Okawaru
Sif Muna
Uskayaw
Vehumet
Wu Jian
Xom
Yredelemnul
Jiyva

Shops:
Orc:1 *   Orc:2 ?=[:   Shoals:2 (   Vaults:1 *   Vaults:2 [   Vaults:3 [
Vaults:4 [   Vaults:5 *   Depths:2 ?

Portals:
Hell: Depths:1 Depths:2 Depths:3 Depths:4
Abyss: Depths:1 Depths:2 Depths:3
Pandemonium: Depths:1 Depths:2
Ziggurat: Depths:3
Trove: Vaults:1 (give +4 fire dragon scales)

Annotations:
D:5 3 runed translucent doors, ElMinstaer's ghost, novice TrBe
D:7 2 transporters, PostNTower's ghost, novice TeSu
Lair:5 1 runed translucent door, Flugkiller's ghost, journeyman OpFE
Zot:5 1 exclusion
Pan Gloorx Vloq


Innate Abilities, Weirdness & Mutations

You are a tree.
Your roots penetrate the ground, keeping you stationary.
You cannot be teleported.
You are immune to unholy pain and torment.
Your maximum health is greatly increased.
Your equipment is partially melded.
((You have razor-sharp teeth.))
Your natural rate of healing is unusually fast.
When hurt, damage is shared between your health and your magic reserves.
((Your bite disrupts and absorbs the magic of your enemies.))
Potions cannot restore your health.
((You have a pair of small antennae on your head.))
You have supernaturally acute eyesight. (SInv)
Your magical capacity is low. (-10% MP)
You occasionally lose the ability to drink potions when taking damage.


Message History

* * * LOW HITPOINT WARNING * * *
You feel very sick. You block Gloorx Vloq's attack.
You puncture Gloorx Vloq!
Gloorx Vloq convulses!
You barely miss Gloorx Vloq.
Gloorx Vloq is moderately wounded.
You are engulfed in dark miasma.
* * * LOW HITPOINT WARNING * * *
You feel very sick.
Gloorx Vloq hits you but does no damage.
Unknown command.
You puncture Gloorx Vloq!
Gloorx Vloq convulses.
You puncture Gloorx Vloq!
Gloorx Vloq convulses!
Gloorx Vloq is moderately wounded.
You are engulfed in dark miasma.
You are more poisoned.
* * * LOW HITPOINT WARNING * * *
x2 You feel extremely sick.
Gloorx Vloq gestures at you. The poison arrow hits you.
You are lethally poisoned!
You partially resist.
* * * LOW HITPOINT WARNING * * *
You block Gloorx Vloq's attack.
You puncture Gloorx Vloq!
Gloorx Vloq convulses!
You puncture Gloorx Vloq!
Gloorx Vloq convulses.
Gloorx Vloq is heavily wounded.
You are engulfed in dark miasma.
You are more poisoned.
You feel as though you will be slow longer.
* * * LOW HITPOINT WARNING * * *
x2 You feel extremely sick.
You block Gloorx Vloq's attack.
A soul eater comes into view.
Unknown command.
You hit Gloorx Vloq.
Gloorx Vloq convulses.
You puncture Gloorx Vloq!
Gloorx Vloq convulses!
Gloorx Vloq is heavily wounded.
You are engulfed in dark miasma.
* * * LOW HITPOINT WARNING * * *
You die...

###########
####.........####
####...............####
#.......##'''##.......###
.....#####...#####......###
..####
#.#...#.#♣####.....## ###
#.....#z#&#.###....## #
#.#...#1#.#1# ###.#.##
#.#....3#.#.#1# ##...##
#.#.#...#.#.#.#.# #.#.#.#
#.#.#.....#.#.#.#3# #..#..#
.#.#.#...#.# #.#.#.##.#.#.#
.#.#.....# #.#.####...##
.#.#..&# #.#1 #.#.#.#


You could see Gloorx Vloq, 3 Executioners, 2 soul eaters and a curse skull.

Vanquished Creatures
  the Royal Jelly (Slime:5)
  A seraph (Pan)
  Tiamat (Zot:3)
  7 dread liches
  Mara (Depths:1)
  5 ancient liches
  6 orbs of fire (Zot:5)
  Mennas (Crypt:1)
  A juggernaut (Depths:2)
  Sojobo (Vaults:4)
  2 Killer Klowns (Zot:5)
  Bai Suzhen (Vaults:4)
  Frederick (Vaults:4)
  5 caustic shrikes (Depths:1)
  7 curse toes
  14 golden dragons
  A profane servitor (Abyss:3)
  2 pearl dragons (Pan)
  Arachne (Spider:4)
  2 bone dragons (Abyss:3)
  4 electric golems
  The ghost of Xiwoan the Blocker, an adept GnFi of Gozag (Shoals:3)
  A walking crystal tome (WizLab)
  21 tentacled monstrosities
  A shard shrike skeleton (Crypt:2)
  14 liches
  4 titans (Vaults:5)
  3 deep elf blademasters
  A walking earthen tome (Depths:3)
  25 Orb Guardians (Zot:5)
  A walking divine tome (WizLab)
  A walking frostbound tome (WizLab)
  14 quicksilver dragons
  A deep elf master archer (Elf:3)
  14 Executioners
  21 acid blobs
  Polyphemus (Shoals:2)
  5 ancient champions
  10 sphinxes
  Gastronok (Lair:3)
  10 death cobs
  5 tentacled starspawn (Abyss:3)
  10 draconian monks
  Roxanne (D:14)
  10 tengu reavers
  Kirke (Spider:4)
  4 revenants
  10 shadow dragons
  15 daevas
  17 storm dragons
  2 strange machines (WizLab)
  16 azure jellies
  14 rockslimes
  7 draconian knights
  5 ghost moths
  9 fire giants
  21 vault wardens
  4 emperor scorpions
  5 deep elf sorcerers
  A juggernaut zombie (Crypt:1)
  2 iron dragons
  9 frost giants
  3 balrugs (Zot:1)
  29 angels (Pan)
  8 draconian scorchers
  Aizul (Depths:1)
  Louise (Elf:1)
  4 deep elf elementalists (Elf:3)
  4 curse skulls
  6 draconian shifters
  4 quicksilver oozes
  An orc warlord (Orc:1)
  11 draconian annihilators
  3 ghouls (Crypt:3)
  2 draconian stormcallers (Zot:2)
  2 spriggan defenders
  4 ironbound thunderhulks
  20 ironbound preservers
  27 very ugly things
  7 war gargoyles
  20 stone giants
  2 caustic shrike skeletons
  7 vampire knights
  2 broodmothers
  2 eleionomae (Shoals:2)
  14 red draconians
  13 ophanim
  24 apis (Pan)
  15 green draconians
  14 black draconians
  3 deep elf demonologists
  A green draconian (shapeshifter) (Zot:1)
  4 lorocyprocas
  3 minotaurs (Shoals:4)
  Azrael (D:15)
  A white draconian (shapeshifter) (Zot:1)
  21 purple draconians
  19 white draconians
  Nessos (D:14)
  5 spark wasps
  11 yellow draconians
  7 dire elephants
  7 formless jellyfish
  7 deep elf annihilators
  A green death (Abyss:3)
  9 deep elf death magi
  3 eidola (Crypt:1)
  5 merfolk impalers
  16 fire dragons
  Josephine (D:13)
  11 jiangshi
  19 ettins
  A crystal guardian (Zot:1)
  8 entropy weavers
  6 deep elf high priests
  A spriggan zombie (Abyss:3)
  21 yaktaur captains
  3 merfolk javelineers
  13 great orbs of eyes
  Harold (Orc:1)
  Erolcha (Orc:1)
  2 jorogumos (Spider:4)
  11 rakshasas
  14 hydras
  A hell beast (Depths:2)
  7 ice dragons
  3 peacekeepers
  A caustic shrike simulacrum (Depths:2)
  Fannar (D:11)
  2 alligator snapping turtles
  38 vault guards
  16 centaur warriors
  4 spriggan air magi
  2 catoblepae
  4 merfolk avatars
  7 boulder beetles
  9 ironbound frosthearts
  4 death knights
  An anaconda (shapeshifter) (Vaults:5)
  2 radroaches
  2 fenstrider witch skeletons (Pan)
  12 satyrs
  A two-headed ogre (shapeshifter) (Depths:4)
  10 two-headed ogres
  34 dancing weapons
  A death scarab (Spider:1)
  11 deep troll earth magi
  7 deep troll shamans
  The ghost of Tungsten the Destroyer, a novice MeCj of Gozag (D:9)
  6 thrashing horrors
  8 death yaks
  5 spriggan berserkers
  4 tengu warriors
  7 vampire magi
  11 hell knights
  22 deep elf knights
  A storm dragon zombie (Crypt:1)
  Sonja (D:11)
  9 soul eaters
  2 sun demons
  A titan skeleton (Depths:2)
  14 iron trolls
  A spatial maelstrom (Abyss:3)
  A fire crab (shapeshifter) (Vaults:5)
  7 skeletal warriors
  8 pharaoh ants
  2 skysharks (Lair:5)
  A sixfirhy (Abyss:3)
  8 shadow wraiths
  A storm dragon skeleton (Crypt:2)
  A spark wasp zombie (Depths:2)
  A death drake (Depths:3)
  5 sun moths
  3 glowing orange brains
  An anaconda zombie (Abyss:3)
  17 cherubim (Pan)
  13 sea snakes
  56 deep trolls
  6 flayed ghosts
  A golden dragon zombie (Depths:1)
  17 orb spiders
  A bog body (Crypt:3)
  2 spriggan simulacra
  14 ironbound convokers
  A golden dragon skeleton (Depths:2)
  A swamp dragon (shapeshifter) (Vaults:5)
  Pikel (D:6)
  7 orc knights
  14 large abominations
  4 lindwurms (Vaults:3)
  23 harpies
  6 steelbarb worms
  7 phantasmal warriors
  5 wizards
  A wolf spider (shapeshifter) (Depths:1)
  A bunyip skeleton (Crypt:2)
  9 necromancers
  A tengu zombie (Depths:2)
  20 deep elf archers
  A jorogumo zombie (Crypt:1)
  A wolf spider zombie (Crypt:1)
  38 deep elf pyromancers
  29 deep elf zephyrmancers
  3 shining eyes
  2 worldbinders (Abyss:3)
  A stone giant zombie (Crypt:1)
  An oklob plant (Lair:4)
  2 fire giant zombies
  A sphinx skeleton (Crypt:1)
  25 fauns
  An elephant (shapeshifter) (Depths:1)
  Maurice (Orc:2)
  2 tengu skeletons (Depths:2)
  32 moths of wrath
  40 ugly things
  21 wolf spiders
  7 cyclopes
  A frost giant zombie (Depths:2)
  5 black mambas
  6 guardian serpents
  23 manticores
  26 elephants
  A torpor snail (shapeshifter) (Vaults:5)
  A frost giant skeleton (Vaults:5)
  8 apocalypse crabs (Zot:4)
  23 vault sentinels
  A stone giant skeleton (Vaults:5)
  130 slime creatures
  8 torpor snails
  10 demonic crawlers
  2 gargoyles (D:11)
  9 merfolk sirens
  10 cane toads
  A cane toad (shapeshifter) (Vaults:5)
  3 smoke demons
  A naga mage (Abyss:3)
  An orange demon (Abyss:1)
  3 eyes of devastation
  6 water nymphs
  A centaur skeleton (Pan)
  6 freezing wraiths
  An elephant slug zombie (Crypt:3)
  A kobold demonologist (D:10)
  A hellion (Depths:2)
  3 unseen horrors
  10 komodo dragons
  An efreet (D:12)
  A yellow draconian zombie (Crypt:3)
  2 dire elephant skeletons (Pan)
  3 rime drakes
  4 guardian mummies (Crypt:3)
  4 tengu conjurers
  3 ancient zymes (Abyss:1)
  34 yaktaurs
  A tormentor (Abyss:1)
  A red devil (Depths:2)
  2 trolls (shapeshifter)
  Prince Ribbit (D:6)
  6 harpy zombies (Zot:1)
  17 merfolk
  A silent spectre (Abyss:3)
  A queen bee (D:9)
  5 trolls
  5 hornets
  A sphinx simulacrum (Depths:2)
  38 blink frogs
  5 polar bears
  Grinder (D:5)
  4 wind drakes
  36 tarantellas
  A shadow dragon simulacrum (Depths:1)
  2 tyrant leeches (D:15)
  A mana viper skeleton (Crypt:1)
  An ettin zombie (Depths:1)
  14 raiju
  A radroach zombie (Crypt:3)
  9 dream sheep
  A jumping spider zombie (Crypt:2)
  25 jumping spiders
  8 snapping turtles
  A fire giant simulacrum (Depths:2)
  A guardian serpent skeleton (Crypt:2)
  5 air elementals
  A flying skull (Crypt:3)
  2 ettin skeletons
  A ynoxinul (Abyss:3)
  4 shadows
  3 spriggan skeletons
  10 water elementals
  12 wraiths
  28 culicivoras
  2 spriggans (Depths:2)
  A spriggan (shapeshifter) (Vaults:2)
  2 wyverns
  A black mamba skeleton (Pan)
  3 vampires (Vaults:2)
  An ice dragon skeleton (Pan)
  10 fire elementals
  4 basilisks
  5 fire bats (Abyss:3)
  73 yaks
  9 golden eyes
  2 neqoxecs
  A golden eye (shapeshifter) (Abyss:3)
  A redback (shapeshifter) (Vaults:5)
  2 vampire mosquitoes (D:12)
  70 redbacks
  Menkaure (D:6)
  7 wargs
  4 swamp worms (D:15)
  5 chaos spawn (Abyss:3)
  13 water moccasins
  A naga skeleton (Pan)
  7 hell hounds
  5 floating eyes
  43 orc warriors
  A sky beast (D:7)
  4 small abominations
  3 black bears
  19 ogres
  2 boggarts (Zot:1)
  40 wolves
  20 centaurs
  6 starcursed masses (Abyss:3)
  A lemure (D:6)
  3 kobold brigands
  Blork the orc (D:4)
  9 bullfrogs
  A rime drake skeleton (Crypt:1)
  A vine stalker zombie (Crypt:1)
  5 scorpions
  A necrophage (Crypt:3)
  An elf skeleton (Crypt:1)
  A gnoll sergeant (D:8)
  4 earth elementals
  25 wights
  A hornet simulacrum (D:14)
  32 killer bees
  A shapeshifter zombie (Crypt:1)
  9 howler monkeys
  4 electric eels
  A bullfrog zombie (Crypt:3)
  A wolf skeleton (Crypt:3)
  4 jellies
  A centaur zombie (D:7)
  3 gnoll boudas
  16 orc priests
  8 hounds
  2 sleepcaps
  Crazy Yiuf (D:4)
  Jessica (D:3)
  An iguana (D:6)
  30 orc wizards
  A boggart zombie (Crypt:2)
  A killer bee zombie (D:7)
  An acid dragon skeleton (Crypt:1)
  Robin (D:4)
  2 howler monkey zombies (D:7)
  2 adders
  13 gnolls
  2 shadow imps
  A swamp drake skeleton (Crypt:2)
  2 white imps
  3 worms
  2 dart slugs (D:3)
  88 orcs
  4 ball pythons
  A bat skeleton (Crypt:1)
  7 endoplasms
  2 giant cockroaches
  17 goblins
  12 hobgoblins
  10 jackals
  7 quokkas
  4 bats
  A dart slug zombie (Crypt:3)
  3 frilled lizards
  A frilled lizard skeleton (Crypt:3)
  A goblin zombie (Crypt:2)
  A jackal skeleton (Crypt:2)
  20 kobolds
  2 rats
  A rat zombie (Crypt:3)
  A butterfly (Zot:1)
  A lurking horror (Abyss:3)
  A spectral weapon (Depths:2)
  2 starspawn tentacles (Abyss:3)
2984 creatures vanquished.

Vanquished Creatures (collateral kills)
  A deep elf elementalist (Elf:3)
  A deep elf sorcerer (Elf:3)
  2 deep elf demonologists (Elf:3)
  3 deep elf death magi (Elf:3)
  A deep elf high priest (Elf:3)
  A two-headed ogre (shapeshifter) (Abyss:3)
  A naga warrior (Abyss:3)
  3 dancing weapons (Elf:2)
  2 deep elf zephyrmancers (Elf:3)
  2 deep elf pyromancers
  A large abomination (Abyss:3)
  An air elemental (Abyss:3)
  A steam dragon (Abyss:3)
  2 chaos spawn (Abyss:3)
  A small abomination (Abyss:3)
  4 wolves (Lair:3)
27 creatures vanquished.

Vanquished Creatures (others)
  A sphinx (Shoals:4)
  A white draconian (Zot:3)
  A hell knight (Depths:2)
  A deep elf zephyrmancer (Elf:2)
  A tarantella (Spider:4)
  A fire elemental (Elf:1)
  3 humans (Spider:4)
  An orc wizard (D:10)
  An orc (Vaults:5)
  A lurking horror (Abyss:3)
  10 starspawn tentacles (Abyss:3)
22 creatures vanquished.

Grand Total: 3033 creatures vanquished

Notes
Turn   | Place    | Note
-------+----------+-------------------------------------------
     0 | D:1      | Angani the Vine Stalker Berserker began the quest for the
                  | Orb.
     0 | D:1      | Reached XP level 1. HP: 11/11 MP: 2/2
   171 | D:1      | Reached XP level 2. HP: 16/16 MP: 3/3
   565 | D:2      | Reached XP level 3. HP: 20/20 MP: 1/4
   783 | D:2      | Reached ** piety under Trog
  1560 | D:3      | Gained mutation: Your natural rate of healing is unusually
                  | fast. [Vine Stalker growth]
  1560 | D:3      | Reached XP level 4. HP: 10/24 MP: 2/5
  1571 | D:3      | Reached XP level 5. HP: 16/28 MP: 4/6
  1630 | D:3      | Noticed Jessica
  1656 | D:3      | Killed Jessica
  1790 | D:3      | Gained mutation: Your body sometimes deteriorates upon
                  | taking damage. [potion of mutation]
  1790 | D:3      | Gained mutation: You have a somewhat thin skeletal
                  | structure. (Dex +2, Stealth+) [potion of mutation]
  1790 | D:3      | Gained mutation: You are strong-willed. (Will+) [potion of
                  | mutation]
  1841 | D:3      | Found a radiant altar of Vehumet.
  1941 | D:4      | Reached XP level 6. HP: 29/33 MP: 7/7
  2488 | D:4      | Noticed Blork the orc
  2502 | D:4      | Killed Blork the orc
  2503 | D:4      | Reached XP level 7. HP: 31/37 MP: 6/8
  2602 | D:4      | Noticed Robin
  2612 | D:4      | Killed Robin
  2830 | D:4      | Found a runed translucent door.
  2831 | D:4      | Noticed Crazy Yiuf
  2857 | D:4      | You fall into a shaft and drop 2 floors!
  2878 | D:5      | Entered Level 5 of the Dungeon
  2878 | D:5      | Found a staircase to the Ecumenical Temple.
  3038 | D:4      | Killed Crazy Yiuf
  3193 | D:5      | Found a runed translucent gate.
  3194 | D:5      | Found a runed translucent gate.
  3195 | D:5      | Found a runed translucent gate.
  3446 | D:5      | Noticed Grinder
  3504 | D:6      | Noticed Prince Ribbit
  3515 | D:6      | Killed Prince Ribbit
  3516 | D:6      | Gained mutation: You have razor-sharp teeth. [Vine Stalker
                  | growth]
  3516 | D:6      | Reached XP level 8. HP: 33/42 MP: 9/9
  3564 | D:6      | Noticed Pikel
  3579 | D:6      | Killed Pikel
  3580 | D:6      | Reached skill level 5 in Fighting
  3580 | D:6      | Reached skill level 5 in Short Blades
  3768 | D:6      | Found an iron altar of Okawaru.
  3768 | D:6      | Noticed a yak
  3768 | D:6      | Noticed a yak
  3768 | D:6      | Noticed a yak
  3770 | D:6      | Noticed a yak
  3777 | D:6      | Killed a yak
  3778 | D:6      | Reached XP level 9. HP: 48/48 MP: 8/10
  3789 | D:6      | Reached skill level 5 in Armour
  3789 | D:6      | Reached skill level 5 in Dodging
  3806 | D:6      | Reached *** piety under Trog
  3825 | D:6      | Identified the +4 ring mail of the Exiled Quests {rElec
                  | Str+5}
  4180 | D:6      | Noticed Menkaure
  4185 | D:6      | Killed Menkaure
  4648 | D:7      | Noticed a hornet
  4657 | D:7      | Killed a hornet
  4658 | D:7      | Reached XP level 10. HP: 53/53 MP: 11/11
  4659 | D:7      | Found a transporter.
  4670 | D:7      | Noticed a two-headed ogre
  4703 | D:7      | Killed a two-headed ogre
  4924 | D:7      | Found a shimmering altar of Xom.
  4924 | D:7      | Found a basalt altar of Yredelemnul.
  5022 | D:7      | Reached **** piety under Trog
  5308 | D:7      | Noticed PostNTower's ghost (novice TeSu)
  5422 | D:7      | Found a transporter.
  5752 | D:8      | Found a staircase to the Lair.
  5783 | D:8      | Paralysed by a hornet for 3 turns
  5791 | D:8      | Reached XP level 11. HP: 34/60 MP: 5/12
  6753 | D:9      | Found a runed translucent gate.
  6753 | D:9      | Found a runed translucent gate.
  6753 | D:9      | Found a runed translucent gate.
  6754 | D:9      | Noticed Tungsten's ghost (novice MeCj)
  6844 | D:9      | Reached ***** piety under Trog
  7259 | D:9      | Found an ornate altar of the Wu Jian Council.
  7289 | D:9      | Found a shimmering blue altar of Sif Muna.
  7348 | D:10     | Entered Level 10 of the Dungeon
  7485 | D:10     | Found a sparkling altar of Nemelex Xobeh.
  7570 | D:10     | Found the +7 staff of the Meek {protect, meekguard}
  7805 | Lair:1   | Entered Level 1 of the Lair of Beasts
  7912 | Lair:1   | Reached XP level 12. HP: 52/67 MP: 13/13
  8127 | Lair:1   | Found an ornate altar of the Wu Jian Council.
  8130 | Lair:1   | Found a hide-covered altar of Uskayaw.
  8130 | Lair:1   | Noticed a boulder beetle
  8139 | Lair:1   | Killed a boulder beetle
  8736 | Lair:2   | Found a staircase to the Shoals.
  8751 | Lair:2   | Reached skill level 10 in Fighting
  8751 | Lair:2   | Reached skill level 10 in Short Blades
  9067 | Lair:2   | Noticed a seven-headed hydra
  9090 | Lair:2   | Killed a seven-headed hydra
  9328 | Lair:2   | Reached skill level 10 in Dodging
  9418 | Lair:2   | Reached XP level 13. HP: 57/73 MP: 12/14
  9557 | Lair:2   | Received a gift from Trog
  9913 | Lair:3   | Found a hole to the Spider Nest.
  9932 | Lair:3   | Noticed Gastronok
  9972 | Lair:3   | Killed Gastronok
 10664 | Lair:4   | Received a gift from Trog
 10948 | Lair:4   | Received a gift from Trog
 10958 | Lair:4   | Reached XP level 14. HP: 79/79 MP: 15/15
 11496 | Lair:5   | Entered Level 5 of the Lair of Beasts
 11569 | Lair:5   | Found a runed translucent door.
 11569 | Lair:5   | Noticed Flugkiller's ghost (journeyman OpFE)
 11856 | Lair:5   | Found a viscous altar of Jiyva.
 11857 | Lair:5   | Found a staircase to the Slime Pits.
 12245 | Lair:5   | Identified the +8 executioner's axe "Xorphofos" {flame,
                  | Str+4 Stlth+} (Trog gifted it to you on level 5 of the Lair
                  | of Beasts)
 12245 | Lair:5   | Received a gift from Trog
 12465 | Lair:5   | Reached skill level 1 in Shields
 12552 | Lair:5   | Reached XP level 15. HP: 78/85 MP: 13/16
 12991 | D:11     | Noticed Sonja
 13000 | D:11     | Killed Sonja
 13042 | D:11     | Noticed Fannar
 13050 | D:11     | Killed Fannar
 13598 | D:12     | Found a staircase to the Orcish Mines.
 13695 | D:12     | Reached skill level 5 in Shields
 14077 | D:12     | Received a gift from Trog
 14423 | D:13     | Found an ornate altar of the Wu Jian Council.
 14445 | D:13     | Noticed Josephine
 14453 | D:13     | Killed Josephine
 15099 | D:14     | Identified the +0 scale mail "Unetuloz" {rPois rC+ Dex-5
                  | Stlth+}
 15152 | D:14     | Found a gate to the Vaults.
 15366 | D:14     | Noticed Nessos
 15368 | D:14     | Noticed Roxanne
 15581 | D:14     | Killed Roxanne
 15710 | D:14     | Killed Nessos
 15862 | D:15     | Entered Level 15 of the Dungeon
 16043 | D:15     | Found a staircase to the Depths.
 16083 | D:15     | Noticed Azrael
 16094 | D:15     | Killed Azrael
 16112 | D:15     | Reached skill level 10 in Shields
 16365 | D:15     | Reached skill level 1 in Stealth
 16490 | D:15     | Reached XP level 16. HP: 83/90 MP: 14/17
 16776 | Orc:1    | Entered Level 1 of the Orcish Mines
 16794 | Orc:1    | Noticed Harold
 16796 | Orc:1    | Found Vepe's General Store.
 16805 | Orc:1    | Killed Harold
 17320 | Orc:1    | Reached ****** piety under Trog
 17320 | Orc:1    | Received a gift from Trog
 17339 | Orc:1    | Noticed Erolcha
 17354 | Orc:1    | Killed Erolcha
 17496 | Orc:2    | Entered Level 2 of the Orcish Mines
 17618 | Orc:1    | Lost mutation: You have a somewhat thin skeletal structure.
                  | (Dex +2, Stealth+) [potion of mutation]
 17618 | Orc:1    | Lost mutation: You are strong-willed. (Will+) [potion of
                  | mutation]
 17618 | Orc:1    | Gained mutation: Armour fits poorly on your strangely
                  | shaped body. [potion of mutation]
 17695 | Orc:2    | Found a staircase to the Elven Halls.
 17742 | Orc:2    | Reached skill level 5 in Stealth
 17806 | Orc:2    | Found Fuwimeam's Armour Emporium.
 17806 | Orc:2    | Found Fahetram's Jewellery Boutique.
 17806 | Orc:2    | Found Kuveorogoa's Magic Scroll Shop.
 17821 | Orc:2    | Found Lehij's Book Shoppe.
 17833 | Orc:2    | Bought a scroll of brand weapon for 133 gold pieces
 17833 | Orc:2    | Bought a scroll of enchant armour for 105 gold pieces
 17990 | Orc:2    | Noticed Maurice
 18004 | Orc:2    | Killed Maurice
 18004 | Orc:2    | Received a gift from Trog
 18454 | Elf:1    | Entered Level 1 of the Elven Halls
 18576 | Elf:1    | Found a flickering gateway to a bazaar.
 18588 | Bazaar   | Entered a bazaar
 18588 | Bazaar   | Found Oqosy's Magic Scroll Shop.
 18615 | Bazaar   | Found Toguot Eveji's Armour Emporium.
 18623 | Bazaar   | Found Xuerot's Assorted Antiques.
 18636 | Bazaar   | Found Rausser's Book Shoppe.
 18656 | Bazaar   | Bought a potion of haste for 190 gold pieces
 18656 | Bazaar   | Bought a scroll of fog for 76 gold pieces
 18656 | Bazaar   | Bought a viscous green potion for 17 gold pieces
 18683 | Bazaar   | Bought a scroll of teleportation for 21 gold pieces
 18683 | Bazaar   | Bought a scroll of teleportation for 21 gold pieces
 18683 | Bazaar   | Bought a scroll of poison for 28 gold pieces
 18683 | Bazaar   | Bought a scroll of teleportation for 21 gold pieces
 18683 | Bazaar   | Bought a scroll of teleportation for 21 gold pieces
 18683 | Bazaar   | Bought a scroll of identify for 14 gold pieces
 18750 | Elf:1    | Paralysed by an air elemental for 1 turns
 18765 | Elf:1    | Received a gift from Trog
 18788 | Elf:1    | Found a radiant altar of Vehumet.
 18975 | Elf:1    | Reached XP level 17. HP: 95/95 MP: 15/18
 19307 | Elf:1    | Noticed Louise
 19327 | Elf:1    | Killed Louise
 19495 | Elf:2    | Received a gift from Trog
 19548 | Elf:2    | Paralysed by an air elemental for 1 turns
 19795 | Elf:2    | Reached skill level 15 in Dodging
 19932 | Elf:2    | Found a runed translucent gate.
 19933 | Elf:2    | Found a runed translucent gate.
 19936 | Elf:2    | Found a runed translucent gate.
 19981 | Elf:2    | Found a shimmering blue altar of Sif Muna.
 20097 | Elf:2    | Reached skill level 10 in Stealth
 20341 | Elf:2    | Received a gift from Trog
 20482 | Elf:2    | Noticed a deep elf blademaster
 20500 | Elf:2    | Killed a deep elf blademaster
 21139 | Spider:1 | Entered Level 1 of the Spider Nest
 21155 | Spider:1 | Reached XP level 18. HP: 102/102 MP: 19/19
 21618 | Spider:1 | Gained mutation: You are clumsy. (Dex -2) [mutagenic glow]
 21689 | Spider:1 | Identified the +10 spear "Poffilot" {flame, rN+}
 21826 | Spider:1 | Reached skill level 15 in Fighting
 22443 | Spider:2 | Reached skill level 1 in Throwing
 22443 | Spider:2 | Reached skill level 1 in Evocations
 22810 | Spider:3 | Received a gift from Trog
 23442 | Spider:3 | Identified the +9 dire flail "Asour" {vamp, Drain Str+3
                  | Dex+5}
 23658 | Shoals:1 | Entered Level 1 of the Shoals
 23687 | Shoals:1 | Reached skill level 5 in Evocations
 23866 | Shoals:1 | Identified the +3 dagger of Growth {flame, rElec Dex+4
                  | Stlth-} (Trog gifted it to you on level 1 of the Shoals)
 23866 | Shoals:1 | Received a gift from Trog
 23867 | Shoals:1 | Reached XP level 19. HP: 108/108 MP: 20/20
 24039 | Lair:5   | Lost mutation: Armour fits poorly on your strangely shaped
                  | body. [potion of mutation]
 24039 | Lair:5   | Lost mutation: You are clumsy. (Dex -2) [potion of
                  | mutation]
 24039 | Lair:5   | Gained mutation: Your magical capacity is low. (-10% MP)
                  | [potion of mutation]
 24039 | Lair:5   | Gained mutation: Your movements are slightly less
                  | encumbered by armour. (ER -2) [potion of mutation]
 24203 | D:4      | Lost mutation: Your body sometimes deteriorates upon taking
                  | damage. [potion of mutation]
 24203 | D:4      | Lost mutation: Your movements are slightly less encumbered
                  | by armour. (ER -2) [potion of mutation]
 24203 | D:4      | Gained mutation: You have a pair of small antennae on your
                  | head. [potion of mutation]
 24203 | D:4      | Gained mutation: You have supernaturally acute eyesight.
                  | (SInv) [potion of mutation]
 25430 | Shoals:2 | Noticed Polyphemus
 25444 | Shoals:2 | Killed Polyphemus
 25616 | Shoals:2 | Found Geubaq's Antique Weapon Shop.
 25772 | Shoals:3 | Found a transporter.
 25871 | Shoals:3 | Received a gift from Trog
 25901 | Shoals:3 | Reached skill level 10 in Evocations
 25913 | Shoals:3 | Found a transporter.
 25933 | Shoals:3 | Noticed Xiwoan's ghost (adept GnFi)
 26909 | Spider:4 | Entered Level 4 of the Spider Nest
 26909 | Spider:4 | Noticed Kirke
 26915 | Spider:4 | Killed Kirke
 27277 | Spider:4 | Received a gift from Trog
 27715 | Spider:4 | Got a gossamer rune of Zot
 27722 | Spider:4 | Noticed Arachne
 27898 | Spider:4 | Reached XP level 20. HP: 114/114 MP: 19/19
 27918 | Spider:4 | Killed Arachne
 28328 | Shoals:4 | Entered Level 4 of the Shoals
 28460 | Shoals:4 | Received a gift from Trog
 28591 | Shoals:4 | Got a barnacled rune of Zot
 29394 | D:5      | Noticed ElMinstaer's ghost (novice TrBe)
 29942 | D:5      | Killed Grinder
 30138 | Vaults:1 | Entered Level 1 of the Vaults
 30398 | Vaults:1 | Received a gift from Trog
 30452 | Vaults:1 | Identified a scroll of acquirement
 30461 | Vaults:1 | Acquired a manual of Dodging
 30677 | Vaults:1 | Found Fiud's Assorted Antiques.
 30686 | Vaults:1 | Bought a scroll of blinking for 195 gold pieces
 30686 | Vaults:1 | Bought a lightning rod (4/4) for 780 gold pieces
 30795 | Vaults:1 | Identified the +0 leather armour "Xuex" {Will+}
 30977 | Vaults:1 | Found a portal to a secret trove of treasure.
 31142 | D:9      | Killed Tungsten's ghost
 31332 | Shoals:3 | Killed Xiwoan's ghost
 31471 | Shoals:3 | Identified the amulet "Iquir" {Spirit Str+4 SInv}
 32057 | Vaults:2 | Reached XP level 21. HP: 108/124 MP: 19/19
 32229 | Vaults:2 | Received a gift from Trog
 32372 | Vaults:2 | Found a transporter.
 32388 | Vaults:2 | Found a transporter.
 32494 | Vaults:2 | Reached skill level 15 in Short Blades
 32646 | Vaults:2 | Found a staircase to the Crypt.
 32715 | Vaults:2 | Found Xisar's Antique Armour Boutique.
 33026 | Vaults:2 | Received a gift from Trog
 33404 | Vaults:2 | Identified the ring of Casokev {Wiz rF+}
 33724 | Vaults:3 | Received a gift from Trog
 33878 | Vaults:3 | Identified the +7 quarterstaff of Victory {vamp, Fly rElec
                  | MP+9 Str+3}
 34343 | Vaults:3 | Found Toujaby's Antique Armour Shop.
 34774 | Vaults:4 | Noticed Bai Suzhen
 34786 | Vaults:4 | Killed Bai Suzhen
 34787 | Vaults:4 | Reached XP level 22. HP: 118/133 MP: 20/20
 35009 | Vaults:4 | Noticed Frederick
 35024 | Vaults:4 | Killed Frederick
 35056 | Vaults:4 | Identified the +2 dagger of Ussabb {flame, rElec rN+ Str+4
                  | Dex-5} (Trog gifted it to you on level 4 of the Vaults)
 35056 | Vaults:4 | Received a gift from Trog
 35184 | Vaults:4 | Identified the +7 mace "Lausos" {elec, rElec rC+ MP-9
                  | Str+2}
 35433 | Vaults:4 | Found Bapsu's Antique Armour Boutique.
 35433 | Vaults:4 | Noticed Sojobo
 35452 | Vaults:4 | Killed Sojobo
 35491 | Vaults:4 | Bought a pair of translucent gloves for 456 gold pieces
 35491 | Vaults:4 | Identified the +2 pair of gloves of Indomitability {-Tele
                  | rElec rC+ Dex+4} (You bought it in a shop on level 4 of the
                  | Vaults)
 35980 | Crypt:1  | Entered Level 1 of the Crypt
 36031 | Crypt:1  | Noticed Mennas
 36069 | Crypt:1  | Killed Mennas
 36276 | Crypt:1  | Received a gift from Trog
 37611 | Crypt:3  | Entered Level 3 of the Crypt
 37821 | Crypt:3  | Reached XP level 23. HP: 140/140 MP: 21/21
 37845 | Crypt:3  | Received a gift from Trog
 37894 | Crypt:3  | Noticed a curse toe
 37920 | Crypt:3  | Killed a curse toe
 37984 | Crypt:3  | Found a staircase to the Tomb.
 38420 | Crypt:3  | Noticed an ancient lich
 38420 | Crypt:3  | Noticed a dread lich
 38432 | Crypt:3  | Killed a dread lich
 38441 | Crypt:3  | Killed an ancient lich
 38543 | Crypt:3  | Identified the +1 great mace "Lifebane" {freeze, Fragile
                  | Fly Str+3 Stlth+}
 38549 | Crypt:3  | Identified the ring of the Intense God {MP+9 Dex+3}
 38897 | Depths:1 | Entered Level 1 of the Depths
 38940 | Depths:1 | Found a one-way gate to the infinite horrors of the Abyss.
 39237 | Depths:1 | Found a gateway to Hell.
 39394 | Depths:1 | Identified the +2 robe "Valoac" {-Tele rC+ Str+3}
 39535 | Depths:1 | Found a one-way gate leading to the halls of Pandemonium.
 39593 | Depths:1 | Received a gift from Trog
 39600 | Depths:1 | Found a burning altar of Makhleb.
 39705 | Depths:1 | Noticed Aizul
 39719 | Depths:1 | Killed Aizul
 40032 | Depths:2 | Noticed Mara
 40034 | Depths:2 | Noticed Angani's illusion
 40060 | Depths:2 | Noticed a caustic shrike
 40080 | Depths:2 | Found a magical portal.
 40085 | WizLab   | Entered Tukima's Studio
 40420 | WizLab   | Noticed Angani's illusion
 40508 | WizLab   | Noticed Angani's illusion
 40555 | WizLab   | Identified the +1 cloak of Lutoli {rN+++ rCorr Str-3 Int-4}
 40574 | WizLab   | Identified the scarf of Zaacat Fuw {repulsion, rPois Will-
                  | Int+2 Dex+4}
 40741 | Depths:2 | Noticed Angani's illusion
 40745 | Depths:2 | Noticed a juggernaut
 40888 | Depths:2 | Noticed a caustic shrike
 40888 | Depths:2 | Noticed a caustic shrike
 40901 | Depths:1 | Killed a caustic shrike
 40966 | Depths:1 | Killed a caustic shrike
 40983 | Depths:1 | Received a gift from Trog
 41017 | Depths:2 | Noticed a caustic shrike
 41169 | Depths:2 | Noticed a caustic shrike
 41178 | Depths:1 | Killed a caustic shrike
 41179 | Depths:1 | Reached XP level 24. HP: 147/147 MP: 19/21
 41249 | Depths:1 | Killed a caustic shrike
 41256 | Depths:1 | Killed a caustic shrike
 41374 | Depths:2 | Noticed Angani's illusion
 41580 | Depths:1 | Killed Mara
 41678 | Depths:2 | Killed a juggernaut
 41953 | Depths:2 | Found Juzimpee's Magic Scroll Boutique.
 41987 | Depths:2 | Bought a scroll of acquirement for 1092 gold pieces
 41987 | Depths:2 | Acquired the +1 pair of boots of the Dwarven Hall {Dex+5}
 42320 | Depths:2 | Identified the +7 mace of Wondrous Power {venom, rC+ SInv}
 42588 | Depths:3 | Received a gift from Trog
 42856 | Depths:3 | Found a transporter.
 42858 | Depths:3 | Found a viscous altar of Jiyva.
 42892 | Depths:3 | Found a transporter.
 43035 | Depths:3 | Found a one-way gateway to a ziggurat.
 43087 | Depths:2 | Found the +7 lajatang of Order {silver, rMut}
 43314 | Depths:3 | Paralysed by a floating eye for 4 turns
 43324 | Depths:3 | HP: 11/222 [acid (1)]
 43326 | Depths:3 | Reached XP level 25. HP: 15/153 MP: 20/21
 43398 | Depths:3 | Identified the ring "Zaxky" {rElec rN+ Int+6 Slay+5}
 43454 | Depths:4 | Entered Level 4 of the Depths
 43506 | Depths:3 | Received a gift from Trog
 43574 | Depths:4 | Paralysed by a floating eye for 3 turns
 43820 | Depths:4 | Found a shadowy altar of Dithmenos.
 44125 | Depths:4 | Received a gift from Trog
 44197 | Depths:4 | Found a gate to the Realm of Zot.
 44261 | Depths:4 | Identified the ring "Eschiusua" {rN+ Str+3 Int+3}
 44274 | Depths:4 | Identified the +1 robe of the Disturbing Runes {rN+ Int+3}
 44562 | Depths:4 | Identified the +10 quick blade of Qire Xio {holy, rF+}
 45210 | Elf:3    | Entered Level 3 of the Elven Halls
 45386 | Elf:3    | Received a gift from Trog
 45421 | Elf:3    | Identified the ring of Spite {rF+ rN+ Stlth+}
 45424 | Elf:3    | Identified the +7 quarterstaff of Mayhem {heavy, rF+ Str+2
                  | Int-2}
 45485 | Elf:3    | Identified the ring "Leynotoc" {rC+ Will+ MP+9}
 45490 | Elf:3    | Identified the staff of cold "Geeclil" {rC+ rN+ MP+9 Int+3
                  | SInv}
 45514 | Elf:3    | Identified the +4 trident "Agirogh" {holy, rN+ rCorr Int-4}
 45516 | Elf:3    | Identified the amulet "Lismoden" {Acrobat Will+ Int+5
                  | Dex-3}
 45525 | Elf:3    | Identified the +1 orcbow "Angani's Foe" {speed, rElec}
 45719 | Elf:3    | Reached XP level 26. HP: 161/161 MP: 21/21
 46077 | Elf:3    | Upgraded the game from 0.31-a0-83-gbff143cfd1 to
                  | 0.31-a0-112-gdf0485fa37
 46542 | Vaults:5 | Entered Level 5 of the Vaults
 46672 | Vaults:5 | Identified the +1 battleaxe of the Beginning {flame, rElec
                  | Dex-3 SInv}
 46676 | Vaults:5 | Identified the +8 war axe of Honour {drain, rElec rN+
                  | Str+3}
 46974 | Vaults:5 | Received a gift from Trog
 47267 | Vaults:5 | Found Ucsuu's Assorted Antiques.
 47277 | Vaults:5 | Noticed an ancient lich
 47326 | Vaults:5 | Killed an ancient lich
 47337 | Vaults:5 | Bought a scroll of teleportation for 102 gold pieces
 47337 | Vaults:5 | Identified the ring of Joizomyolu {*Slow rElec Will+ Str+6
                  | Stlth+}
 47562 | Vaults:5 | Identified the ring "Ubryolav" {Str+6 SInv}
 47642 | Vaults:5 | Received a gift from Trog
 47680 | Vaults:5 | Identified the staff of conjuration "Gelufrum" {Fly Will++}
 47682 | Vaults:5 | Identified the +0 ring mail "Sabi" {+Blink Int+3 Slay-6}
 47755 | Vaults:5 | Got a silver rune of Zot
 48151 | Vaults:5 | Acquired 692 gold pieces
 48494 | Zot:1    | Entered Level 1 of the Realm of Zot
 48538 | Zot:1    | Reached XP level 27. HP: 168/168 MP: 21/21
 49329 | Zot:1    | Received a gift from Trog
 50022 | Zot:2    | Noticed a dread lich
 50025 | Zot:2    | Noticed a dread lich
 50030 | Zot:2    | Killed a dread lich
 50042 | Zot:2    | Killed a dread lich
 50043 | Zot:2    | Identified the ring of Ejoar {rC+ Will+ rCorr}
 50190 | Zot:2    | Received a gift from Trog
 50190 | Zot:2    | Paralysed by a floating eye for 3 turns
 50254 | Zot:2    | Identified the +2 ring mail of the Monk {rCorr Dex+2 SInv}
 50911 | Zot:4    | Found the +4 dragonskin cloak
 50911 | Zot:4    | Noticed Tiamat
 51004 | Zot:3    | Killed Tiamat
 51141 | Zot:4    | Received a gift from Trog
 51318 | Zot:4    | Identified the +1 helmet "Macs" {Rampage Int+8}
 51710 | Zot:4    | Identified the +5 glaive of Qacoof {venom, *Corrode rPois
                  | rF+ rN+++ Stlth+}
 51722 | Zot:4    | Identified the +2 war axe "Letuann" {flame, rElec rCorr
                  | Str-2}
 51723 | Zot:4    | Identified the ring of the Greedy {rCorr Slay+3}
 51841 | Zot:5    | Entered Level 5 of the Realm of Zot
 52247 | Zot:5    | Noticed an ancient lich
 52262 | Zot:5    | Killed an ancient lich
 52275 | Zot:5    | Noticed an orb of fire
 52290 | Zot:5    | Killed an orb of fire
 52304 | Zot:5    | Noticed an orb of fire
 52324 | Zot:5    | Killed an orb of fire
 52347 | Zot:5    | Noticed an orb of fire
 52369 | Zot:5    | Gained mutation: You occasionally lose the ability to drink
                  | potions when taking damage. [an orb of fire]
 52374 | Zot:5    | Killed an orb of fire
 52374 | Zot:5    | Identified the +10 dagger of Contradiction {antimagic,
                  | Str+3} (Trog gifted it to you on level 5 of the Realm of
                  | Zot)
 52374 | Zot:5    | Received a gift from Trog
 52423 | Zot:5    | Noticed an ancient lich
 52456 | Zot:5    | Killed an ancient lich
 52456 | Zot:5    | Noticed an orb of fire
 52469 | Zot:5    | Killed an orb of fire
 52469 | Zot:5    | Noticed an orb of fire
 52485 | Zot:5    | Killed an orb of fire
 52486 | Zot:5    | Noticed an ancient lich
 52494 | Zot:5    | Killed an ancient lich
 52495 | Zot:5    | Noticed a dread lich
 52502 | Zot:5    | Killed a dread lich
 52507 | Zot:5    | Noticed a dread lich
 52511 | Zot:5    | Killed a dread lich
 52512 | Zot:5    | Noticed an orb of fire
 52532 | Zot:5    | Killed an orb of fire
 52857 | Zot:5    | Noticed a dread lich
 52869 | Zot:5    | Killed a dread lich
 53614 | Slime:1  | Entered Level 1 of the Pits of Slime
 53773 | Slime:2  | You fall into a shaft and drop 2 floors!
 53798 | Slime:3  | Received a gift from Trog
 54748 | Slime:1  | Received a gift from Trog
 55669 | Slime:5  | Entered Level 5 of the Pits of Slime
 55728 | Slime:5  | Noticed the Royal Jelly
 56649 | Slime:5  | Found a viscous altar of Jiyva.
 56897 | Slime:5  | Killed the Royal Jelly
 57017 | Slime:5  | Got a slimy rune of Zot
 57056 | Slime:5  | Identified the staff of poison "Vexaahoh" {rPois rN+ Will+
                  | Str+2}
 57413 | Depths:1 | Voluntarily entered the Abyss.
 57413 | Abyss:1  | Found a corrupted altar of Lugonu.
 57795 | Abyss:3  | Received a gift from Trog
 57994 | Abyss:3  | Noticed a dread lich
 58014 | Abyss:3  | Killed a dread lich
 58037 | Abyss:3  | Reached skill level 27 in Short Blades
 58085 | Abyss:3  | Paralysed by an air elemental for 1 turns
 58089 | Abyss:3  | Received a gift from Trog
 58108 | Abyss:3  | Got an abyssal rune of Zot
 58248 | Depths:1 | Escaped the Abyss
 58308 | Pan      | Entered Pandemonium
 58308 | Pan      | Identified the +6 tower shield "Qadykir" {rElec}
 58928 | Pan      | Identified the +4 tower shield "Ganuegg" {-Cast Will++
                  | Regen+ Stlth+}
 58928 | Pan      | Identified the +0 tower shield of a Labyrinth {Fly}
 59017 | Pan      | Received a gift from Trog
 59035 | Pan      | Found a glowing silver altar of Zin.
 59084 | Pan      | Reached skill level 27 in Fighting
 59313 | Pan      | Found a white marble altar of Elyvilon.
 60054 | Pan      | Identified the +4 great mace "Meshetreu" {protect, rN+
                  | Int+6}
 60054 | Pan      | Identified the +2 scale mail "Wobu" {rElec Will+ rCorr}
 60066 | Pan      | Found a glowing golden altar of the Shining One.
 60069 | Pan      | Identified the ring of the Snail {Fly Will+ Str+4 Dex+3}
 60069 | Pan      | Noticed a seraph
 60096 | Pan      | Killed a seraph
 60103 | Pan      | Identified the +3 falchion of Plunder {drain, rPois rC+
                  | Will+}
 60112 | Pan      | Got a demonic rune of Zot
 60121 | Pan      | Identified the +6 halberd of Irritation {protect, rF- rC+
                  | rCorr}
 60526 | Pan      | Entered the realm of Gloorx Vloq.
 60537 | Pan      | Reached skill level 27 in Dodging
 60717 | Pan      | Received a gift from Trog
 60766 | Pan      | Reached skill level 10 in Throwing
 61607 | Pan      | Noticed Gloorx Vloq
 61630 | Pan      | HP: 18/391 [poisoned by Gloorx Vloq (dark miasma)]
 61631 | Pan      | HP: 3/391 [poisoned by Gloorx Vloq (dark miasma)]
 61632 | Pan      | HP: 1/391 [Gloorx Vloq] (2)]
 61632 | Pan      | Succumbed to Gloorx Vloq's dark miasma

Illustrated notes

Levels and vault maps discovered:
D:1:      elethiomel_arrival_quiet, layout_rooms
D:2:      layout_loops_cross, kennysheep_generic_room_8
D:3:      layout_rooms, vehumet_crystals, uniq_jessica
D:4:      layout_loops_corners, grunt_ministairs_9, uniq_robin,
          uniq_blork_the_orc, uniq_crazy_yiuf_cottage
D:5:      layout_basic, temple_statues, gammafunk_ghost_icy, uniq_grinder
D:6:      layout_basic, hellmonk_okawaru_the_only_friend_you_need,
          serial_bayou_pond_e, uniq_pikel, uniq_prince_ribbit1, uniq_menkaure
D:7:      layout_cave_pods, jmf_multi_god_temple, gammafunk_ghost_arena,
          serial_undead, serial_undead_c, serial_undead_e, serial_undead_f,
          serial_undead_f, serial_undead_b, serial_undead_f, serial_undead_c,
          serial_undead_d
D:8:      layout_loops_ring, lair_entry_dummy, grunt_ministairs_5,
          chequers_serial_rivers_micro_a, hangedman_abyss_or_decor_stagger,
          lightli_minifort
D:9:      layout_roguey [special_room_bee], mainiacjoe_overflow_catch_the_wave,
          gammafunk_ghost_spectres
D:10:     layout_cave_pools, nemelex_xobeh_ov_fountains_minmay
D:11:     layout_roguey, uniq_fannar, uniq_sonja
D:12:     layout_roguey, erik_orc_3
D:13:     layout_irregular_city, nzn_wu_jian_council_hall, uniq_josephine
D:14:     layout_basic, skrybe_vaults_entry_preservation,
          minmay_misc_feat_roman, hangedman_glass_teeth, uniq_roxanne,
          uniq_nessos
D:15:     grunt_enter_depths_snipers, layout_basic,
          chequers_serial_rivers_micro_e, worms_lemuel, uniq_azrael
Lair:1:   layout_regular_city, nzn_masters_of_martial_movement,
          grunt_megastairs_2
Lair:2:   layout_chaotic_city, elwin_shoals_entry_stream
Lair:3:   layout_layer_cave, spider_nest_entry_webs, uniq_gastronok
Lair:4:   layout_misc_corridors, minmay_lair_oklob_bushes,
          grunt_forest_large_clearings, grunt_megastairs_3
Lair:5:   grunt_lair_end_beastmaster, layout_cave_pods, slime_entry_1,
          hellmonk_ghost_happy_afterlife
Shoals:1: layout_shoals, nicolae_shoals_cliffside_cave
Shoals:2: layout_shoals, serial_shops, shop, nicolae_shoals_enchanted_isle,
          uniq_polyphemus
Shoals:3: layout_shoals, gammafunk_ghost_berserking_beasts
Shoals:4: shoals_end_hellmonk_lost_city
Spider:1: nicolae_spider_hilbert_zone_4 [nicolae_spider_hilbert_4_sides_2_open,
          nicolae_spider_hilbert_4_sides_1_open,
          nicolae_spider_hilbert_4_sides_1_open,
          nicolae_spider_hilbert_4_sides_1_open,
          nicolae_spider_hilbert_4_sides_1_open,
          nicolae_spider_hilbert_2_sides_1_open,
          nicolae_spider_hilbert_2_sides_1_open,
          nicolae_spider_hilbert_2_sides_1_open,
          nicolae_spider_hilbert_2_sides_1_open,
          nicolae_spider_hilbert_6_sides_1_open,
          nicolae_spider_hilbert_6_sides_1_open,
          nicolae_spider_hilbert_3_sides_1_open,
          nicolae_spider_hilbert_3_sides_1_open]
Spider:2: layout_spider_delve, nicolae_spider_not_touching_you
Spider:3: nicolae_spider_mines_1
Spider:4: johnstein_spider_rune_arachne_lair, nicolae_spider_baby_got_redback,
          uniq_kirke
Slime:1:  layout_caves
Slime:2:  layout_caves
Slime:3:  layout_caves
Slime:4:  cheibrodos_slime_lost_civilization_3, layout_caves
Slime:5
Orc:1:    lemuel_ogre_cave, layout_diamond_mine, serial_shops,
          nicolae_shop_trees, uniq_harold
Orc:2:    st_orc_rangers, layout_diamond_mine, nooodl_orcs_dogs, uniq_maurice
Elf:1:    nicolae_elf_arrival_fired_up, layout_geoelf_grid, basic_altar,
          serial_shops, bzr_entry_gold, minmay_elf_sorcery, uniq_louise
Elf:2:    nicolae_elf_blades_splatter_lattice
          [nicolae_blade_entry_crossed_weapons], layout_onion_city, basic_altar,
          chequers_hall_statues_y, minmay_misc_feat_cross
Elf:3:    minmay_elf_hall_statues, layout_gridlike
Vaults:1: nicolae_vaults_trapezoid_3, v_pattern_2,
          nicolae_vaults_storage_room_statues, nicolae_vaults_closet_pinwheel_3,
          v_misc_13, hangedman_vaults_unwind, nicolae_vaults_swerve,
          nicolae_vaults_asterisk, vaults_room_door_hall, layout_vaults_ring,
          enter_trove_5, serial_shops, nicolae_shop_tiny_glass
Vaults:2: nicolae_vaults_ninety_degrees, v_misc_14, ontoclasm_vaults_ring_large,
          gammafunk_the_bubble [the_bubble_gammafunk_split], v_pattern_1,
          nicolae_vaults_tangram_2, v_misc_8, vaults_room_corners,
          ontoclasm_vaults_spin, hangedman_vaults_maws,
          nicolae_vaults_border_crossing, ontoclasm_vaults_ring_large,
          minmay_crypt_entry_vampire_xt, nicolae_vaults_trapezoid_2,
          layout_vaults_maze, serial_shops, nicolae_diamond_shop
Vaults:3: nicolae_vaults_arrows, nicolae_vaults_specimen_jars,
          vaults_room_semicircle, vaults_dpeg_ring, vaults_mumra_hex,
          hangedman_vaults_stagger, nicolae_vaults_trapezoid_lopsided_3,
          layout_vaults_omnigrid, serial_shops, shop
Vaults:4: nicolae_vaults_hallways_thing, ontoclasm_vaults_idyll,
          nicolae_vaults_house_2, nicolae_vaults_little_squares_4, v_rooms_3,
          nicolae_vaults_yaktaur_gun_rack, nicolae_vaults_six-pack, v_misc_31,
          vaults_room_octagon, nicolae_vaults_wine_cellar,
          nicolae_vaults_mini_display_case, layout_vaults_omnicross,
          serial_shops, shop, uniq_sojobo, uniq_bai_suzhen, uniq_frederick
Vaults:5: serial_shops
Crypt:1:  layout_misc_corridors, feat_on_display,
          roderic_lattice_octagonal_star, uniq_mennas
Crypt:2:  layout_misc_corridors
Crypt:3:  david_glass_crypt, layout_misc_corridors, tomb_entry_simple_bobbens
Depths:1: minmay_distorted_concentric_squares, layout_gridlike,
          rand_demon_pan_entry_3, chequers_serial_rivers_micro_e, abyss_entry,
          grunt_hell_entry_dis_old, makhleb_altar_promises_db, uniq_aizul
Depths:2: grunt_crosshair, layout_cave_shapes, minmay_misc_feat_encased,
          special_room [special_room_mythical_zoo], serial_shops, shop,
          mu_enter_wizlab_2, rand_demon_pan_entry_7, hell_entry, abyss_entry,
          firewood_loft, uniq_mara
Depths:3: gammafunk_jiyva_shrine, layout_basic, enter_ziggurat_f, abyss_entry,
          hangedman_geh_valley, serial_bayou_lagoon_a,
          infiniplex_staircase_pool_2
Depths:4: lemuel_castle_with_subvaults [lemuel_castle_interior_carwin_3],
          layout_basic, grunt_dithmenos_smoke_and_mirrors,
          hangedman_tar_grid_catacomb
Zot:1:    hangedman_orp_of_zott, layout_gridlike
Zot:2:    hellmonk_paralyzer, layout_misc_corridors
Zot:3:    layout_basic
Zot:4:    gammafunk_mikee_crab_dinner, layout_twisted_circle, uniq_tiamat
Zot:5:    layout_basic
Pan:      evilmike_holy_pan, gloorx_vloq_st, layout_chambers

Skill      XL: |  1  2  3  4  5  6  7  8  9 10 11 12 13 14 15 16 17 18 19 20 21 22 23 24 25 26 27 |
---------------+----------------------------------------------------------------------------------+-----
Short Blades   | 3 4 5 6 8 9 10 13 14 16 17 18 19 20 21 27 | 27.0
Fighting       | 3 4 5 6 8 9 10 11 12 13 14 15 16 18 20 21 22 23 24 27 | 27.0
Dodging        | 2 3 4 6 7 8 10 12 14 15 16 17 18 20 21 22 23 24 27 | 27.0
Armour         | 2 3 4 6 7 |  7.2
Shields        | 1 10 | 10.0
Stealth        | 2 7 10 | 10.8
Throwing       | 4 12 | 12.4
Evocations     | 6 10 | 10.0

Action                     |  1- 3 |  4- 6 |  7- 9 | 10-12 | 13-15 | 16-18 | 19-21 | 22-24 | 25-27 || total
---------------------------+-------+-------+-------+-------+-------+-------+-------+-------+-------++-------
  Melee: Short sword       |   120 |   110 |   225 |   938 |    22 |       |       |       |       ||  1415
         Bite              |    34 |    39 |    87 |   384 |   773 |  1152 |  1857 |  1988 |  3959 || 10273
         Punch             |     3 |     2 |     2 |    16 |    15 |       |       |       |     1 ||    39
         Quick blade       |       |       |       |       |  1614 |  2474 |  3077 |  3211 |  6007 || 16383
 Invoke: Berserk           |     1 |       |     4 |     7 |     6 |    15 |    15 |    24 |     7 ||    79
         Trog's Hand       |       |       |       |     1 |       |     1 |       |     2 |     7 ||    11
         Brothers in Arms  |       |       |       |       |     1 |     1 |     1 |     1 |     6 ||    10
  Evoke: Wand              |       |       |       |       |     3 |     1 |     1 |     3 |     3 ||    11
         Lightning rod     |       |       |       |       |       |       |     2 |       |     1 ||     3
         Phial of floods   |       |       |       |       |       |       |     1 |       |       ||     1
         Tin of tremorston |       |       |       |       |       |       |       |     2 |       ||     2
    Use: Scroll            |     6 |     3 |     3 |     5 |     8 |    13 |     6 |    11 |    13 ||    68
         Potion            |       |     1 |       |       |       |     3 |     2 |     1 |     9 ||    16
   Stab: Sleeping          |     1 |       |       |     5 |    18 |    36 |    46 |    39 |    55 ||   200
         Distracted        |       |       |       |     1 |     2 |     9 |     9 |     5 |    24 ||    50
         Petrifying        |       |       |       |       |     2 |       |     1 |       |       ||     3
         Petrified         |       |       |       |       |     1 |       |     2 |       |     1 ||     4
         Held in net/web   |       |       |       |       |       |       |     2 |       |       ||     2
         Invisible         |       |       |       |       |       |       |       |       |     1 ||     1
         Confused          |       |       |       |       |       |       |       |       |     2 ||     2
 Armour: Ring mail         |    42 |    14 |       |       |       |       |       |       |       ||    56
         Chain mail        |       |    15 |    75 |    84 |       |       |       |       |       ||   174
         Robe              |       |       |       |    90 |   176 |   241 |   226 |   201 |   224 ||  1158
         Skin              |       |       |       |       |       |       |       |       |    37 ||    37
  Dodge: Dodged            |    60 |    39 |    91 |   568 |   739 |   767 |   991 |  1324 |  1943 ||  6522
  Block: Kite shield       |       |       |       |       |   186 |   920 |  1096 |  1142 |  1520 ||  4864
         Tower shield      |       |       |       |       |       |       |       |       |   472 ||   472

Table legend: (Time is in decaauts)
 A = Elapsed time spent in this place.
 B = Non-inter-level travel time spent in this place.
 C = Inter-level travel time spent in this place.
 D = Time resting spent in this place.
 E = Time spent auto-exploring this place.
 F = Levels seen in this place.
 G = Mean time per level.
                   A        B        C        D        E       F      G
               +--------+--------+--------+--------+--------+-----+--------+
         Total |  58614 |  51710 |   6904 |   3610 |  30090 |  62 |  945.4 |
       Dungeon |  13991 |  11400 |   2591 |    556 |   8368 |  15 |  932.7 |
          Lair |   5530 |   4728 |    802 |    141 |   3255 |   5 | 1106.0 |
        Shoals |   3560 |   3105 |    455 |    225 |   1974 |   4 |  890.0 |
   Spider Nest |   3600 |   3388 |    212 |    215 |   1934 |   4 |  900.0 |
    Slime Pits |   3362 |   3126 |    236 |    795 |   1423 |   5 |  672.4 |
  Orcish Mines |   1831 |   1537 |    294 |     45 |   1054 |   2 |  915.5 |
   Elven Halls |   3229 |   2958 |    271 |    116 |   1756 |   3 | 1076.3 |
        Vaults |   6643 |   5955 |    688 |    158 |   3631 |   5 | 1328.6 |
         Crypt |   2486 |   2395 |     91 |    192 |   1462 |   3 |  828.7 |
        Depths |   5547 |   4737 |    810 |    696 |   2386 |   4 | 1386.8 |
           Zot |   4331 |   3882 |    449 |    255 |   1981 |   5 |  866.2 |
         Abyss |    750 |    750 |      0 |      3 |    163 |   3 |  250.0 |
   Pandemonium |   3122 |   3122 |      0 |     26 |    649 |   2 | 1561.0 |
        Bazaar |    107 |    107 |      0 |      0 |     51 |   1 |  107.0 |
        Wizlab |    516 |    516 |      0 |    183 |      0 |   1 |  516.0 |
               +--------+--------+--------+--------+--------+-----+--------+

Top non-repeatable levels by time:
Depths:1: 2084 daAuts
Vaults:3: 1496 daAuts
Vaults:5: 1455 daAuts
   Elf:2: 1453 daAuts
Vaults:2: 1447 daAuts
Depths:4: 1425 daAuts
  Lair:5: 1401 daAuts
  Lair:2: 1337 daAuts
 Slime:5: 1305 daAuts
     D:8: 1263 daAuts
    D:15: 1260 daAuts
     D:6: 1229 daAuts
    D:14: 1205 daAuts
Spider:4: 1191 daAuts
     D:4: 1140 daAuts
